 Dungeon Crawl Stone Soup version 0.31-a0-1071-gaead2f62b1 (webtiles) character file.

Game seed: 6488294711065475672

17892 Jeffwins the Grappler (level 12, 0/111 HPs)
             Began as a Troll Conjurer on Nov 25, 2023.
             Was an Elder of Vehumet.
             Slain by a cane toad (20 damage)
             ... on level 1 of the Lair of Beasts.
             The game lasted 00:23:47 (11833 turns).

Jeffwins the Grappler (Troll Conjurer)             Turns: 11833, Time: 00:23:48

Health: 0/111      AC:  8    Str: 21    XL:     12   Next: 22%
Magic:  5/14       EV:  9    Int: 21    God:    Vehumet [****..]
Gold:   451        SH:  0    Dex:  8    Spells: 1/16 levels left

rFire   + .          .
                       - Unarmed
rCold   + + .        (no shield)
rNeg    . . .        D - +1 steam dragon scales
rPois   .            (helmet restricted)
rElec   .            n - scarf {rC+ rF+}
rCorr   .            (gloves unavailable)
SInv    +            (boots unavailable)
Will    .....        L - amulet of magic regeneration
Stlth   +            Q - ring of Eternal Night {rF+ SInv}
HPRegen 1.18/turn    F - ring "Sotreshrecru" {Ice Str+3 Int+3}
MPRegen 0.54/turn

%: no passive effects
@: no status effects
A: large, unfitting armour, claws 3, regeneration 1, shaggy fur 1, tough skin 1
a: Renounce Religion


You were on level 1 of the Lair of Beasts.
You worshipped Vehumet.
Vehumet was greatly pleased with you.
You visited 3 branches of the dungeon, and saw 15 of its levels.

You collected 925 gold pieces.
You spent 474 gold pieces at shops.


Innate Abilities, Weirdness & Mutations

You are too large for most types of armour.
You have claws for hands.
Your natural rate of healing is unusually fast.
You are covered in fur. (AC +1)
You have tough skin. (AC +1)


   Skills:
 + Level 5.6 Fighting
 - Level 1.5 Dodging
 - Level 1.0 Stealth
 * Level 9.9 Unarmed Combat
 + Level 2.5 Spellcasting
 * Level 3.2 Conjurations
 * Level 3.4 Transmutations
 * Level 3.4 Fire Magic
 * Level 6.1 Ice Magic
 * Level 3.3 Air Magic
 * Level 7.0 Earth Magic
 * Level 3.5 Poison Magic
 + Level 4.1 Evocations


You had one spell level left.
You knew the following spells:

 Your Spells              Type           Power      Damage    Failure   Level
c - Scorch                Fire           34%        2d6       1%          2
v - Freezing Cloud        Conj/Ice/Air   15%        6-21      17%         5
x - Ignite Poison         Fire/Tmut/Pois 17%        N/A       2%          3
z - Poisonous Vapours     Pois/Air       34%        N/A       1%          2
X - Frozen Ramparts       Ice            84%        1d13      1%          3

Your spell library contained the following spells:

 Spells                   Type           Power      Damage    Failure   Level
 Freeze                   Ice            100%       1d10      1%          1
 Magic Dart               Conj           64%        1d6       1%          1
 Slow                     Hex            8%         N/A       14%         1
 Searing Ray              Conj           32%        2d5       1%          2
 Hailstorm                Conj/Ice       33%        3d8       1%          3
 Inner Flame              Hex/Fire       9%         N/A       5%          3
 Dazzling Flash           Conj/Hex       18%        N/A       6%          3
 Flame Wave               Conj/Fire      16%        2d7       10%         4
 Sticky Flame             Conj/Fire      16%        2d4       10%         4
 Fulminant Prism          Conj/Hex       4%         3d5       19%         4
 Iskenderun's Mystic Bla  Conj/Tloc      9%         2d4       19%         4
 Lesser Beckoning         Tloc           4%         N/A       22%         2
 Leda's Liquefaction      Hex/Erth       8%         N/A       32%         4
 Call Canine Familiar     Summ           2%         N/A       38%         3
 Confusing Touch          Hex            2%         N/A       38%         3
 Gell's Gravitas          Tloc           2%         N/A       38%         3
 Sigil of Binding         Hex            2%         N/A       38%         3
 Teleport Other           Tloc           2%         N/A       38%         3
 Vampiric Draining        Necr           2%         2d6       38%         3
 Dimensional Bullseye     Hex/Tloc       1%         N/A       80%         4
 Passage of Golubria      Tloc           2%         N/A       80%         4
 Silence                  Hex/Air        4%         N/A       89%         5
 Summon Cactus Giant      Summ           1%         N/A       100%        6
 Lehudib's Crystal Spear  Conj/Erth      12%        10d4      100%        8

Inventory:

Missiles
 i - 23 poisoned darts
 u - 2 throwing nets {=f}
 B - a curare-tipped dart {=f}
 H - 6 javelins
Armour
 n - a scarf of resistance (worn)
 D - +1 steam dragon scales (worn)
Jewellery
 c - a ring of ice
 F - the ring "Sotreshrecru" (right claw) {Ice Str+3 Int+3}
   (You found it on level 8 of the Dungeon)

   [ring of ice]

   Ice:       It enhances your ice magic.
   Str+3:     It affects your strength (+3).
   Int+3:     It affects your intelligence (+3).
   rF-:       It makes you vulnerable to fire.
   rC+:       It protects you from cold.
 L - an amulet of magic regeneration (around neck)
 M - a ring of willpower
 P - a ring of poison resistance
 Q - the ring of Eternal Night (left claw) {rF+ SInv}
   (You found it on level 12 of the Dungeon)

   [ring of see invisible]

   rF+:       It protects you from fire.
   SInv:      It lets you see invisible.
 Z - a ring of wizardry
Talismans
 J - a beast talisman
Wands
 s - a wand of polymorph (17)
 w - a wand of flame (34)
 G - a wand of quicksilver (7)
 I - a wand of roots (7)
Scrolls
 d - a scroll of fog
 e - 5 scrolls of poison {!r}
 h - 2 scrolls of brand weapon
 o - 3 scrolls of amnesia
 q - 2 scrolls of enchant armour
 r - 7 scrolls of vulnerability {!r}
 t - 4 scrolls of blinking
 v - a scroll of torment {unknown}
 x - 2 scrolls of immolation {!r}
 y - 2 scrolls of enchant weapon
 A - 2 scrolls of fear
Potions
 a - a potion of resistance {unknown}
 b - a potion of magic
 f - 8 potions of curing {@q1}
 g - 4 potions of haste {unknown}
 j - 2 potions of might {unknown}
 k - 3 potions of degeneration {unknown}
 l - 4 potions of lignification {unknown}
 m - 4 potions of heal wounds {@q2}
 p - a potion of berserk rage {!q}
 z - a potion of invisibility {unknown}
 C - 2 potions of mutation {unknown}
 E - 2 potions of enlightenment {unknown}
 O - a potion of ambrosia {unknown}
Miscellaneous
 K - a phantom mirror (inert)

Dungeon Overview and Level Annotations

Branches:
Dungeon (13/15)            Temple (1/1) D:4            Lair (1/5) D:11
    Orc (0/2) D:11
 Vaults: D:13-14

Altars:
Ashenzari
Cheibriados
Dithmenos
Elyvilon
Fedhas
Gozag
Hepliaklqana
Kikubaaqudgha
Makhleb
Nemelex Xobeh
Okawaru
Qazlal
Ru
Sif Muna
Trog
Uskayaw
Vehumet
Wu Jian
Xom
Yredelemnul
Zin
The Shining One

Shops:
D:2 *   D:5 (   D:8 *   D:9 !

Annotations:
D:8 3 runed translucent doors, FakeRyeBread's ghost, novice TrFi
D:9 exclusion: orange crystal statue

### ### ## #######
##.####.#####.#######..#..####
................@l...........#
.................F..##.#.#...#
...................#######...#
###................# #F..#
##...P#....#.##..## #.†.#
#.####..+....#..P# ##...#
###.P##...#....#..## #....#
##P..####..#....#..# ##.l.#
.....# #..#....#..# ### #...#


You could see a komodo dragon and a cane toad.


Message History

Casting: Poisonous Vapours (safe; 1% risk of failure)
Confirm with . or Enter, or press ? or * to list all spells.
Aiming: Poisonous Vapours (safe; 1% risk of failure)
Press: ? - help, Dir - move target, f/p - komodo dragon
Aim: a komodo dragon (lightly wounded, poisoned) Poisonous vapours surround the komodo dragon!
The komodo dragon looks even sicker.
Casting: Poisonous Vapours (safe; 1% risk of failure)
Confirm with . or Enter, or press ? or * to list all spells.
You ignite the poison in your surroundings!
The komodo dragon seems to burn from within!!
The komodo dragon is heavily wounded.
The komodo dragon bites you!!
* * * LOW HITPOINT WARNING * * *
You claw the komodo dragon!
The komodo dragon is almost dead.
The komodo dragon bites you.
* * * LOW HITPOINT WARNING * * *
Unknown command.
You barely miss the komodo dragon.
The komodo dragon is almost dead.
Unknown command.
You scratch the komodo dragon but do no damage.
The komodo dragon is almost dead.
The komodo dragon barely misses you.
Unknown command.
You closely miss the komodo dragon.
The komodo dragon is almost dead.
The cane toad stings you!!
You die...

Skill      XL: |  1  2  3  4  5  6  7  8  9 10 11 12 |
---------------+-------------------------------------+-----
Conjurations   | 3 |  3.2
Unarmed Combat | 1 2 4 5 7 8 9 |  9.9
Fighting       | 1 2 3 4 5 |  5.6
Ice Magic      | 1 2 3 4 5 6 |  6.1
Evocations     | 1 2 3 4 |  4.1
Earth Magic    | 3 5 6 7 |  7.0
Poison Magic   | 2 3 |  3.5
Air Magic      | 1 3 |  3.3
Transmutations | 1 3 |  3.4
Fire Magic     | 1 3 |  3.4
Spellcasting   | 2 |  2.5
Dodging        | |  1.5
Stealth        | |  1.0

Action                     |  1- 3 |  4- 6 |  7- 9 | 10-12 || total
---------------------------+-------+-------+-------+-------++-------
  Melee: Unarmed           |   113 |   118 |   352 |   225 ||   808
         Punch             |     1 |     3 |    15 |     9 ||    28
   Cast: Frozen Ramparts   |       |       |     1 |       ||     1
         Poisonous Vapours |       |       |     3 |    99 ||   102
         Magic Dart        |       |       |     1 |       ||     1
         Ignite Poison     |       |       |       |    32 ||    32
         Scorch            |       |       |       |     2 ||     2
         Freezing Cloud    |       |       |       |     3 ||     3
  Evoke: Wand              |       |       |     2 |     4 ||     6
         Phantom mirror    |       |       |       |     1 ||     1
    Use: Scroll            |       |       |     7 |     9 ||    16
         Potion            |       |       |       |     2 ||     2
   Stab: Sleeping          |     3 |       |       |       ||     3
 Armour: Robe              |    57 |    88 |   145 |       ||   290
         Steam dragon scal |       |       |   103 |   280 ||   383
  Dodge: Dodged            |    49 |    77 |   174 |   117 ||   417
         Form:             |       |       |       |     1 ||     1
         Beast             |       |       |       |     1 ||     1

Levels and vault maps discovered:
D:1:      kennysheep_arrival_forest, layout_loops_ring
D:2:      layout_loops_corners, serial_shops, nicolae_shop_tiny_statue_garden
D:3:      corexii_shack_village, layout_basic, roderic_lattice_a
D:4:      layout_rooms, temple_pool_b, corexii_hall_statues_i, uniq_grinder,
          uniq_ijyb
D:5:      layout_loops_ring, serial_shops, shop, skrybe_limestone_x
D:6:      layout_rooms, nicolae_overflow_crystal_walls,
          chequers_serial_rivers_micro_a
D:7:      layout_rooms, nicolae_sif_muna_condensation
D:8:      layout_layer_cave, gammafunk_ghost_hydra_chop, serial_glass,
          glass_columns_a, glass_columns_b, glass_columns_c, glass_columns_b,
          minmay_strange_pillars, feat_on_display, item_on_display_a,
          nicolae_shop_fire_sale [nicolae_sub_dead_trees],
          hangedman_decor_peaks_small, uniq_amaemon, uniq_maurice
D:9:      layout_loops_corners, kennysheep_little_box, kennysheep_mini_moat,
          nicolae_overflow_hallway_of_the_gods, serial_shops,
          nicolae_shop_real_fake_doors, grunt_ogre_cave, minmay_protected_statue
D:10:     layout_stronghold
D:11:     layout_basic, lair_entry_dummy, minmay_orc_entry_temple_small,
          dreamdust_princess_corridor, serial_library_regret_index_multi
D:12:     layout_grid_maze
D:13:     gammafunk_wand_slinger, layout_irregular_city, erik_vaults_2,
          nicolae_trove_entry_crystal, kennysheep_generic_room_15
Temple:   compressed_dpeg_triangle_lava_temple
Lair:1:   layout_chaotic_city, basic_altar, grunt_megastairs_3,
          lemuel_fruit_tree, uniq_urug

Notes
Turn   | Place    | Note
-------+----------+-------------------------------------------
     0 | D:1      | Jeffwins the Troll Conjurer began the quest for the Orb.
     0 | D:1      | Reached XP level 1. HP: 16/16 MP: 1/1
    47 | D:1      | Reached skill level 3 in Conjurations
    76 | D:1      | Reached skill level 1 in Unarmed Combat
    98 | D:1      | Reached XP level 2. HP: 26/26 MP: 2/2
   698 | D:2      | Reached skill level 1 in Fighting
   719 | D:2      | Reached skill level 2 in Unarmed Combat
   953 | D:2      | Reached XP level 3. HP: 33/33 MP: 3/3
  1399 | D:2      | Found Jeabraig's General Store.
  1407 | D:2      | Bought a potion of heal wounds for 65 gold pieces
  1577 | D:3      | Identified a scarf of resistance
  1747 | D:3      | Reached XP level 4. HP: 39/41 MP: 4/4
  1780 | D:3      | Reached skill level 3 in Unarmed Combat
  1931 | D:3      | Learned a level 3 spell: Frozen Ramparts
  2573 | D:4      | Noticed Grinder
  2600 | D:4      | Paralysed by Grinder for 2 turns
  2630 | D:4      | Killed Grinder
  2631 | D:4      | Reached skill level 2 in Fighting
  2631 | D:4      | Reached skill level 4 in Unarmed Combat
  2631 | D:4      | Reached skill level 1 in Ice Magic
  2631 | D:4      | Reached XP level 5. HP: 17/49 MP: 5/5
  2631 | D:4      | Reached XP level 6. HP: 20/57 MP: 6/6
  2695 | D:4      | Found a staircase to the Ecumenical Temple.
  2715 | D:4      | Reached skill level 2 in Ice Magic
  2796 | Temple   | Entered the Ecumenical Temple
  2821 | Temple   | Became a worshipper of Vehumet
  2842 | D:4      | Noticed Ijyb
  2865 | D:4      | Killed Ijyb
  2866 | D:4      | Reached skill level 5 in Unarmed Combat
  2866 | D:4      | Reached XP level 7. HP: 59/66 MP: 7/7
  3139 | D:4      | Reached skill level 3 in Fighting
  3139 | D:4      | Reached skill level 3 in Ice Magic
  3269 | D:5      | Entered Level 5 of the Dungeon
  3288 | D:5      | Found Nogohoku's Antique Weapon Emporium.
  3307 | D:5      | Reached skill level 1 in Evocations
  3331 | D:5      | Reached * piety under Vehumet
  3331 | D:5      | Offered knowledge of Sandblast by Vehumet.
  3457 | D:5      | Reached XP level 8. HP: 62/75 MP: 8/8
  3476 | D:5      | Reached skill level 6 in Unarmed Combat
  3476 | D:5      | Reached skill level 1 in Earth Magic
  3784 | D:5      | Offered knowledge of Poisonous Vapours by Vehumet.
  3789 | D:5      | Learned a level 2 spell: Poisonous Vapours
  3878 | D:5      | Reached skill level 2 in Earth Magic
  4191 | D:2      | Bought a scroll of identify for 26 gold pieces
  4191 | D:2      | Bought 2 scrolls of poison for 104 gold pieces
  4191 | D:2      | Bought a potion of curing for 39 gold pieces
  4270 | D:6      | Found an opulent altar of Gozag.
  4340 | D:6      | Reached skill level 4 in Ice Magic
  4451 | D:6      | Reached ** piety under Vehumet
  4579 | D:6      | Noticed a gargoyle
  4592 | D:6      | Killed a gargoyle
  4593 | D:6      | Reached skill level 3 in Earth Magic
  4593 | D:6      | Reached skill level 2 in Evocations
  4755 | D:7      | Reached skill level 7 in Unarmed Combat
  4755 | D:7      | Reached XP level 9. HP: 84/84 MP: 9/9
  4878 | D:7      | Reached skill level 4 in Fighting
  4961 | D:7      | Found a shimmering blue altar of Sif Muna.
  4963 | D:7      | Offered knowledge of Volatile Blastmotes by Vehumet.
  5319 | D:7      | Reached skill level 4 in Earth Magic
  5320 | D:7      | Reached skill level 5 in Ice Magic
  5430 | D:8      | Found Kireag's Fire Supplies.
  5431 | D:8      | Noticed Maurice
  5439 | D:8      | Maurice stole 6 javelins
  5440 | D:8      | Maurice stole a ring of see invisible
  5441 | D:8      | Maurice stole 169 gold
  5446 | D:8      | Killed Maurice
  5446 | D:8      | Reached *** piety under Vehumet
  5451 | D:8      | Identified the ring "Sotreshrecru" {Ice Str+3 Int+3}
  5666 | D:8      | Reached skill level 8 in Unarmed Combat
  5782 | D:8      | Reached skill level 3 in Evocations
  6050 | D:8      | Found a runed translucent gate.
  6051 | D:8      | Found a runed translucent gate.
  6052 | D:8      | Found a runed translucent gate.
  6054 | D:8      | Noticed FakeRyeBread's ghost (novice TrFi)
  6055 | D:8      | Noticed a ten-headed hydra
  6157 | D:8      | Noticed Amaemon
  6173 | D:8      | Noticed an orange demon
  6178 | D:8      | Killed Amaemon
  6179 | D:8      | Reached skill level 5 in Earth Magic
  6179 | D:8      | Reached XP level 10. HP: 15/94 MP: 9/11
  6180 | D:8      | HP: 8/94 [poisoned by Amaemon]
  6180 | D:8      | Killed an orange demon
  6183 | D:8      | HP: 3/94 [poisoned by Amaemon]
  6188 | D:8      | HP: 3/94 [poisoned by Amaemon]
  6529 | D:9      | Noticed an orange crystal statue
  6718 | D:9      | Offered knowledge of Ignite Poison by Vehumet.
  6724 | D:9      | Learned a level 3 spell: Ignite Poison
  6927 | D:9      | Found an ornate altar of the Wu Jian Council.
  6931 | D:9      | Found a glowing silver altar of Zin.
  6934 | D:9      | Found a glowing golden altar of the Shining One.
  6934 | D:9      | Found a burning altar of Makhleb.
  6941 | D:9      | Found a stormy altar of Qazlal.
  7051 | D:9      | Reached skill level 1 in Poison Magic
  7069 | D:9      | Found Saskar's Distillery.
  7072 | D:9      | Bought 2 potions of heal wounds for 120 gold pieces
  7072 | D:9      | Bought a potion of berserk rage for 60 gold pieces
  7072 | D:9      | Bought a potion of heal wounds for 60 gold pieces
  7150 | D:9      | Noticed a two-headed ogre
  7158 | D:9      | Killed a two-headed ogre
  7159 | D:9      | Reached skill level 6 in Ice Magic
  7159 | D:9      | Reached skill level 1 in Air Magic
  7276 | D:9      | Found a sparkling altar of Nemelex Xobeh.
  7707 | D:9      | Found a broken altar of Ashenzari.
  7775 | D:10     | Entered Level 10 of the Dungeon
  7843 | D:10     | Reached skill level 1 in Transmutations
  7852 | D:10     | Reached skill level 5 in Fighting
  7852 | D:10     | Reached skill level 1 in Fire Magic
  8242 | D:10     | Identified the +3 leather armour "Plog" {Rampage rC- Str+2}
  8356 | D:10     | Learned a level 2 spell: Scorch
  8657 | D:11     | Noticed a two-headed ogre
  8666 | D:11     | Killed a two-headed ogre
  8667 | D:11     | Reached skill level 9 in Unarmed Combat
  8667 | D:11     | Reached skill level 2 in Poison Magic
  8667 | D:11     | Reached XP level 11. HP: 79/102 MP: 10/12
  8689 | D:11     | Found a staircase to the Lair.
  8842 | D:11     | Reached skill level 6 in Earth Magic
  9115 | D:11     | Reached skill level 2 in Spellcasting
  9115 | D:11     | Reached skill level 2 in Transmutations
  9115 | D:11     | Reached skill level 2 in Air Magic
  9215 | D:11     | Found a staircase to the Orcish Mines.
  9242 | D:11     | Reached skill level 2 in Fire Magic
  9298 | D:11     | Reached **** piety under Vehumet
  9393 | D:12     | Identified the ring of Eternal Night {rF+ SInv}
  9866 | D:12     | Noticed a two-headed ogre
  9873 | D:12     | Killed a two-headed ogre
  9930 | D:12     | Noticed a two-headed ogre
  9935 | D:12     | Killed a two-headed ogre
 10267 | D:12     | Noticed a two-headed ogre
 10275 | D:12     | Killed a two-headed ogre
 11009 | D:13     | Noticed a centaur warrior
 11010 | D:13     | Found a transporter.
 11152 | D:13     | Killed a centaur warrior
 11219 | D:13     | Noticed an orc high priest
 11222 | D:13     | Noticed an orc high priest
 11229 | D:13     | Found a transporter.
 11265 | D:13     | Reached skill level 3 in Poison Magic
 11317 | D:13     | Noticed a centaur warrior
 11330 | D:13     | Noticed a sun demon
 11336 | D:13     | Reached skill level 3 in Transmutations
 11394 | D:13     | Killed an orc high priest
 11395 | D:13     | Reached skill level 3 in Fire Magic
 11395 | D:13     | Reached skill level 3 in Air Magic
 11395 | D:13     | Reached skill level 4 in Evocations
 11397 | D:13     | Offered knowledge of Freezing Cloud by Vehumet.
 11413 | D:13     | Noticed a sun demon
 11414 | D:13     | Killed an orc high priest
 11521 | D:13     | Reached XP level 12. HP: 111/111 MP: 5/14
 11521 | D:13     | Noticed a six-headed hydra
 11599 | Lair:1   | Entered Level 1 of the Lair of Beasts
 11634 | Lair:1   | Found an ancient bone altar of Kikubaaqudgha.
 11649 | Lair:1   | Learned a level 5 spell: Freezing Cloud
 11783 | Lair:1   | Noticed Urug
 11788 | Lair:1   | Killed Urug
 11788 | Lair:1   | Noticed a catoblepas
 11809 | Lair:1   | Killed a catoblepas
 11810 | Lair:1   | Reached skill level 7 in Earth Magic
 11833 | Lair:1   | Slain by a cane toad

Vanquished Creatures
  A centaur warrior (D:13)
  A catoblepas (Lair:1)
  5 two-headed ogres
  2 orc high priests (D:13)
  Urug (Lair:1)
  Maurice (D:8)
  2 cyclopes
  2 cane toads (Lair:1)
  A gargoyle (D:6)
  A rime drake (Lair:1)
  An unseen horror (D:11)
  2 komodo dragons
  5 kobold demonologists (D:13)
  2 trolls
  Grinder (D:4)
  3 slime creatures (D:12)
  5 shadows
  A wraith (D:10)
  A basilisk (Lair:1)
  2 steam dragons
  3 vampire mosquitoes (D:10)
  2 acid dragons
  2 water moccasins
  6 orc warriors
  A black bear (D:4)
  A sky beast (D:8)
  2 ice beasts
  A centaur (D:10)
  3 ogres
  4 phantoms
  A kobold brigand (D:7)
  2 bullfrogs
  A scorpion (D:4)
  9 wights
  3 hounds
  A jelly (D:5)
  12 orc priests
  A gnoll bouda (D:7)
  A sleepcap (D:6)
  Ijyb (D:4)
  An iguana (D:5)
  13 orc wizards
  6 gnolls
  6 adders
  3 shadow imps
  3 white imps
  3 worms
  41 orcs
  8 endoplasms
  2 giant cockroaches
  11 goblins
  7 hobgoblins
  19 jackals
  14 kobolds
  4 quokkas
  4 ball pythons
  A bat (D:2)
  4 frilled lizards
  2 rats
249 creatures vanquished.

Vanquished Creatures (collateral kills)
  Amaemon (D:8)
  An orange demon (D:8)
  A water moccasin (D:7)
  A bullfrog (Lair:1)
  2 orcs (D:7)
6 creatures vanquished.

Vanquished Creatures (others)
  An orc priest (D:9)
  An orc wizard (D:5)
2 creatures vanquished.

Grand Total: 257 creatures vanquished

Table legend: (Time is in decaauts)
 A = Elapsed time spent in this place.
 B = Non-inter-level travel time spent in this place.
 C = Inter-level travel time spent in this place.
 D = Time resting spent in this place.
 E = Time spent auto-exploring this place.
 F = Levels seen in this place.
 G = Mean time per level.
                   A        B        C        D        E       F      G
               +--------+--------+--------+--------+--------+-----+--------+
         Total |  11771 |  11126 |    645 |    432 |   8402 |  15 |  784.7 |
       Dungeon |  11505 |  10868 |    637 |    432 |   8261 |  13 |  885.0 |
        Temple |     34 |     26 |      8 |      0 |     16 |   1 |   34.0 |
          Lair |    230 |    230 |      0 |      0 |    125 |   1 |  230.0 |
               +--------+--------+--------+--------+--------+-----+--------+

Top non-repeatable levels by time:
    D:12: 1775 daAuts
     D:9: 1268 daAuts
     D:8: 1159 daAuts
     D:3: 1006 daAuts
     D:2: 964 daAuts
     D:5: 864 daAuts
    D:10: 818 daAuts
    D:11: 800 daAuts
     D:4: 718 daAuts
     D:1: 646 daAuts
     D:7: 643 daAuts
     D:6: 424 daAuts
    D:13: 416 daAuts
  Lair:1: 230 daAuts
  Temple: 34 daAuts

Table legend:
 A = Non-vault XP
 B = Vault XP
 C = Vault XP percentage of total XP
 D = Non-vault monster count
 E = Vault monster count
 F = Vault count percentage of total count
                 A         B        C        D         E       F
            +---------+---------+-------+---------+---------+-------
      Total |   18605 |    6955 |  27.2 |     221 |      35 |  13.7
            +---------+---------+-------+---------+---------+-------
        D:1 |      28 |       0 |   0.0 |      16 |       0 |   0.0
        D:2 |      32 |       0 |   0.0 |      15 |       0 |   0.0
        D:3 |      62 |      16 |  20.5 |      20 |       8 |  28.6
        D:4 |     612 |     317 |  34.1 |      25 |       2 |   7.4
        D:5 |     857 |       0 |   0.0 |      40 |       0 |   0.0
        D:6 |     750 |       0 |   0.0 |       7 |       0 |   0.0
        D:7 |    1233 |       0 |   0.0 |      31 |       0 |   0.0
        D:8 |    1138 |    1769 |  60.9 |      18 |       3 |  14.3
        D:9 |    1719 |     122 |   6.6 |      14 |       1 |   6.7
       D:10 |    1206 |       0 |   0.0 |       9 |       0 |   0.0
       D:11 |    2781 |     390 |  12.3 |       8 |      10 |  55.6
       D:12 |    4036 |       0 |   0.0 |       9 |       0 |   0.0
       D:13 |    1426 |    3457 |  70.8 |       2 |       9 |  81.8
     Lair:1 |    2725 |     884 |  24.5 |       7 |       2 |  22.2
            +---------+---------+-------+---------+---------+-------
